 Dungeon Crawl Stone Soup version 0.25.1-2-g60ff931df9 (webtiles) character file.

Game seed: 9021592210438525236

17941 protoss039 the Thaumaturge (level 12, -2/70 HPs)
             Began as a Deep Elf Earth Elementalist on Aug 8, 2020.
             Was a High Priest of Sif Muna.
             Slain by a dire elephant (33 damage)
             ... in a Gauntlet.
             The game lasted 00:42:27 (14359 turns).

protoss039 the Thaumaturge (DEEE)                  Turns: 14359, Time: 00:42:28

Health: -2/70      AC:  7    Str:  5    XL:     12   Next: 23%
Magic:  5/41       EV: 13    Int: 26    God:    Sif Muna [*****.]
Gold:   833        SH:  0    Dex: 15    Spells: 23/40 levels left

rFire    . . .     SeeInvis .   c - +0 dagger of Fortitude {protect, *Contam MR+ MP+9} (curse)
rCold    . . .     Gourm    .   (no shield)
rNeg     + . .     Faith    .   G - +2 robe {rN+}
rPois    .         Spirit   .   (no helmet)
rElec    .         Reflect  .   w - +0 cloak
rCorr    .         Harm     .   r - +1 pair of gloves
MR       ++...     NoTele   +   (no boots)
Stlth    +++.......             K - amulet of regeneration
HPRegen  0.61/turn              q - ring of wizardry
MPRegen  0.27/turn              o - ring of stealth

@: no status effects
A: no striking features
a: Channel Magic, Forget Spell, Divine Exegesis, Renounce Religion


You were in a Gauntlet.
You worshipped Sif Muna.
Sif Muna was extremely pleased with you.
You were very hungry.

You visited 2 branches of the dungeon, and saw 12 of its levels.
You also visited: Gauntlet.

You collected 833 gold pieces.

Inventory:

Hand Weapons
 c - the cursed +0 dagger of Fortitude (weapon) {protect, *Contam MR+ MP+9}
   (You found it on level 5 of the Dungeon)

   It grants its wielder temporary protection when it strikes (+7 to AC).
   It affects your resistance to hostile enchantments.
   It affects your magic capacity (+9).
   It causes magical contamination when unequipped.
   It has a curse placed upon it.
 A - the +6 halberd of Focus {flame, *Corrode +Blink +Rage SInv}
   (You found it on level 7 of the Dungeon)

   It has been specially enchanted to burn those struck by it, causing extra
   injury to most foes and up to half again as much damage against particularly
   susceptible opponents.
   Big, fiery blades are also staple armaments of hydra-hunters.
   It lets you see invisible.
   It lets you blink.
   It lets you go berserk.
   It may corrode you when you take damage.
Missiles
 b - 123 stones (quivered)
 s - 40 poisoned darts
Armour
 r - a +1 pair of gloves (worn)
 w - a +0 cloak (worn)
 C - +0 steam dragon scales
 G - a +2 robe of positive energy (worn)
Jewellery
 i - a +6 ring of strength {unknown}
 o - a ring of stealth (right hand)
 q - a ring of wizardry (left hand)
 y - an uncursed ring of flight {unknown}
 K - an amulet of regeneration (around neck)
 O - an uncursed ring of magical power {unknown}
Wands
 h - a wand of polymorph (23)
 D - a wand of disintegration (26)
 F - a wand of enslavement (5)
 H - a wand of iceblast (12)
 J - a wand of clouds (4)
 N - a wand of digging (7)
Scrolls
 a - 3 scrolls of enchant weapon
 f - 2 scrolls of random uselessness {unknown}
 g - 6 scrolls of amnesia
 j - 3 scrolls of remove curse {unknown}
 m - 6 scrolls of magic mapping {unknown}
 p - 3 scrolls of teleportation
 B - 2 scrolls of enchant armour {unknown}
 E - a scroll of blinking
 I - 2 scrolls of summoning
 L - a scroll of fog
 M - a scroll of torment {unknown}
Potions
 e - a potion of lignification {unknown}
 k - 2 potions of flight {unknown}
 l - 8 potions of heal wounds {unknown}
 n - a potion of brilliance {unknown}
 t - 4 potions of curing {unknown}
 u - 3 potions of cancellation {unknown}
 v - 3 potions of degeneration {unknown}
 x - 3 potions of resistance {unknown}
Comestibles
 d - 19 rations


   Skills:
 * Level 6.2 Fighting
 - Level 3.0 Dodging
 - Level 3.0 Stealth
 + Level 14.8 Spellcasting
 + Level 4.5 Conjurations
 - Level 2.0 Charms
 - Level 2.0 Transmutations
 - Level 2.0 Air Magic
 + Level 12.3 Earth Magic
 * Level 8.7 Invocations


You had 23 spell levels left.
You knew the following spells:

 Your Spells              Type           Power        Failure   Level  Hunger
a - Sandblast             Erth           ######       0%          1    None
b - Passwall              Tmut/Erth      ######..     1%          2    None
c - Stone Arrow           Conj/Erth      ######       1%          3    None
d - Petrify               Tmut/Erth      ######..     1%          4    None
e - Lee's Rapid Deconstr  Erth           ######....   1%          5    #......
f - Swiftness             Chrm/Air       ####....     1%          2    None

Your spell library contained the following spells:

 Spells                   Type           Power        Failure   Level  Hunger
 Corona                   Hex            ###....      1%          1    None
 Foxfire                  Conj/Fire      ####         1%          1    None
 Magic Dart               Conj           ####         1%          1    None
 Shock                    Conj/Air       ####         1%          1    None
 Ensorcelled Hibernation  Hex/Ice        ###...       1%          2    None
 Conjure Flame            Conj/Fire      ####....     1%          3    None
 Dazzling Flash           Conj/Hex       ####..       1%          3    None
 Static Discharge         Conj/Air       #####...     1%          3    None
 Confusing Touch          Hex            ###.....     3%          3    None
 Gell's Gravitas          Tloc           ###.......   3%          3    None
 Inner Flame              Hex/Fire       ###.....     3%          3    None
 Tukima's Dance           Hex            ###.....     3%          3    None
 Airstrike                Air            ####......   4%          4    None
 Sticky Flame             Conj/Fire      ####....     4%          4    None
 Iron Shot                Conj/Erth      ######....   6%          6    ####...
 Lightning Bolt           Conj/Air       #####.....   9%          5    #......
 Fireball                 Conj/Fire      ####......   12%         5    #......
 Yara's Violent Unravell  Hex/Tmut       ###.......   21%         5    #......
 Metabolic Englaciation   Hex/Ice        ###.......   30%         5    #......


Dungeon Overview and Level Annotations

Branches:
Dungeon (11/15)            Temple (1/1) D:5            Lair (0/6) D:10
    Orc (0/2) D:10        Gauntlet (1/1)

Altars:
Ashenzari
Cheibriados
Dithmenos
Elyvilon
Fedhas
Gozag
Hepliaklqana
Kikubaaqudgha
Makhleb
Nemelex Xobeh
Okawaru
Qazlal
Ru
Sif Muna
Trog
Uskayaw
Vehumet
Wu Jian
Xom
Yredelemnul
Zin
The Shining One

Annotations:
D:8 1 runed translucent door
D:11 2 transporters Gauntlet 7 transporters, 1 runed translucent door


Message History

Unknown command.
Unknown command.
Unknown command.
The elephant trumpets!
There is a transporter landing site here.
The dire elephant tramples you.
You stumble backwards!
You enter a dispersal trap!
The elephant blinks!
The dire elephant blinks! x2
The elephant blinks!
You blink.
There is a transporter landing site here.
Unknown command.
Casting: Lee's Rapid Deconstruction (mildly dangerous; 1% risk of failure)
Confirm with . or Enter, or press ? or * to list all spells.
Aiming: Stone Arrow (safe; 1% risk of failure)
Press: ? - help, Shift-Dir - straight line, f - dire elephant
Aim: a dire elephant (almost dead)
The stone arrow hits the dire elephant!
The dire elephant is almost dead.
Unknown command.
The dire elephant tramples you!!
You die...

#≈............ ## ### ### ### ###
##############
≈###≈###≈###≈###≈###.............
≈≈#≈≈≈#≈≈≈#≈≈≈#≈≈≈#...8⌠8..8∩8..8
.................................
#################################
#.......#8©8#......^#8©8#.......#
##..##.*#...#.####..#...#.####..#
###..##.#...#.#^@.#§#...#.....#.#
#*##©.###©.©#©#YY.#.#©.©####©.#.#
#3!##..######.#..^#.#####.[.#.#.#
#...##..#...#..####.#...##..#.#.#
#......3#.8.#^......#.8.#©#.#...#
#########...#########...#########
.................................
≈≈#≈≈≈#≈≈≈#≈≈≈#≈≈≈#≈≈≈#≈≈≈#≈≈≈#≈≈
≈###≈###≈###≈###≈###≈###≈###≈###≈


You could see a dire elephant and an elephant.

Vanquished Creatures
  Erolcha (D:9)
  A hydra (D:8)
  Erica (D:7)
  2 two-headed ogres (D:9)
  Pikel (D:8)
  Psyche (D:8)
  Maggie (D:7)
  A centaur skeleton (D:11)
  A gargoyle (D:10)
  2 trolls
  3 hippogriffs
  4 slime creatures (Gauntlet)
  2 dream sheep (D:8)
  2 shadows (D:8)
  3 wraiths (D:8)
  4 flying skulls (Gauntlet)
  7 yaks
  11 fire bats (D:8)
  Grum (D:9)
  A steam dragon (D:9)
  4 vampire mosquitoes (D:11)
  3 wargs (D:10)
  A soldier ant (D:10)
  A sky beast (D:10)
  An ice beast (D:10)
  6 orc warriors
  3 slaves (D:8)
  2 black bears
  A phantom (D:6)
  4 ogres
  2 crocodiles
  4 wolves (D:9)
  9 centaurs
  3 big kobolds (D:8)
  5 bullfrogs
  A wyvern skeleton (D:10)
  5 scorpions
  6 killer bees
  7 howler monkeys
  2 crimson imps
  3 small abominations (Gauntlet)
  3 jellies
  5 hounds
  7 orc priests
  21 orc wizards
  2 bullfrog skeletons
  3 worker ants
  5 iguanas
  A hound zombie (D:8)
  2 worker ant zombies
  14 adders
  11 gnolls
  A shadow imp (D:6)
  An ooze (D:5)
  An adder skeleton (D:10)
  2 worms
  2 dart slugs (D:3)
  2 leopard geckos
  46 orcs
  A ball python (D:5)
  72 bats
  3 giant cockroaches
  9 goblins
  6 hobgoblins
  6 jackals
  5 quokkas
  A ball python zombie (D:6)
  7 frilled lizards
  5 kobolds
  A quokka zombie (D:4)
  3 rats
371 creatures vanquished.

Vanquished Creatures (others)
  A slave (D:8)
1 creature vanquished.

Grand Total: 372 creatures vanquished

Notes
Turn   | Place    | Note
-------+----------+-------------------------------------------
     0 | D:1      | protoss039 the Deep Elf Earth Elementalist began the quest
                  | for the Orb.
     0 | D:1      | Reached XP level 1. HP: 10/10 MP: 6/6
   258 | D:1      | Reached XP level 2. HP: 10/15 MP: 2/8
  1612 | D:2      | Reached XP level 3. HP: 18/19 MP: 6/9
  2233 | D:2      | Learned a level 2 spell: Passwall
  2237 | D:2      | Learned a level 3 spell: Stone Arrow
  2405 | D:3      | Reached skill level 4 in Spellcasting
  2540 | D:3      | Reached XP level 4. HP: 22/24 MP: 10/12
  2954 | D:3      | Found a glowing golden altar of the Shining One.
  3646 | D:4      | Reached skill level 5 in Spellcasting
  3665 | D:4      | Reached XP level 5. HP: 21/28 MP: 7/14
  3671 | D:4      | Reached skill level 5 in Earth Magic
  3866 | D:4      | Noticed a phantom
  3873 | D:4      | Learned a level 4 spell: Petrify
  4079 | D:4      | Reached skill level 6 in Spellcasting
  4079 | D:4      | Reached XP level 6. HP: 32/32 MP: 9/17
  4386 | D:4      | Learned a level 5 spell: Lee's Rapid Deconstruction
  4387 | D:5      | Entered Level 5 of the Dungeon
  4664 | D:5      | Reached skill level 7 in Spellcasting
  4986 | D:5      | Found a staircase to the Ecumenical Temple.
  5026 | Temple   | Entered the Ecumenical Temple
  5350 | Temple   | Became a worshipper of Sif Muna the Loreminder
  5407 | D:5      | Reached XP level 7. HP: 36/36 MP: 14/19
  5581 | D:5      | Found a sparkling altar of Nemelex Xobeh.
  5583 | D:5      | Reached skill level 1 in Invocations
  5765 | D:6      | Reached skill level 1 in Conjurations
  5780 | D:6      | Reached skill level 1 in Fighting
  5901 | D:6      | Reached skill level 8 in Spellcasting
  6594 | D:7      | Reached * piety under Sif Muna
  6701 | D:7      | Reached XP level 8. HP: 43/43 MP: 18/22
  6829 | D:7      | Noticed Maggie
  6852 | D:7      | Killed Maggie
  6857 | D:7      | Reached skill level 9 in Spellcasting
  6868 | D:7      | Got a warped halberd
  6874 | D:7      | Identified the +6 halberd of Focus {flame, *Corrode +Blink
                  | +Rage SInv} (You found it on level 7 of the Dungeon)
  7313 | D:7      | Noticed a hippogriff
  7320 | D:7      | Killed a hippogriff
  7709 | D:5      | Got a dazzling dagger
  7710 | D:5      | Identified the cursed +0 dagger of Fortitude {protect,
                  | *Contam MR+ MP+9} (You found it on level 5 of the Dungeon)
  7805 | D:8      | Reached XP level 9. HP: 49/49 MP: 24/24
  7809 | D:8      | Reached skill level 10 in Spellcasting
  7811 | D:8      | Noticed Erica
  8310 | D:7      | Learned a level 2 spell: Swiftness
  8323 | D:7      | Killed Erica
  8580 | D:8      | Reached ** piety under Sif Muna
  8582 | D:8      | Reached skill level 1 in Charms
  8697 | D:8      | Reached skill level 1 in Air Magic
  8698 | D:8      | Noticed a three-headed hydra
  8698 | D:8      | Reached skill level 5 in Invocations
  8700 | D:8      | Reached skill level 11 in Spellcasting
  8863 | D:8      | Killed a three-headed hydra
  8863 | D:8      | Reached XP level 10. HP: 17/56 MP: 3/27
  9399 | D:8      | Noticed Psyche
  9413 | D:8      | Killed Psyche
  9619 | D:8      | Reached skill level 10 in Earth Magic
  9830 | D:8      | Found a runed translucent door.
  9865 | D:8      | Found a shimmering altar of Xom.
  9867 | D:8      | Reached *** piety under Sif Muna
  9868 | D:8      | Reached skill level 12 in Spellcasting
  9930 | D:8      | Found a sparkling altar of Nemelex Xobeh.
 10016 | D:8      | Found a shimmering altar of Xom.
 10020 | D:8      | Noticed Pikel
 10024 | D:8      | Killed Pikel
 10160 | D:8      | Reached **** piety under Sif Muna
 10202 | D:8      | Found a bloodstained altar of Trog.
 10203 | D:8      | Reached XP level 11. HP: 62/62 MP: 29/29
 10276 | D:8      | Noticed a flayed ghost
 10290 | D:8      | Reached skill level 5 in Fighting
 10320 | D:8      | Found a stormy altar of Qazlal.
 10561 | D:8      | Found a hide-covered altar of Uskayaw.
 10769 | D:8      | Found a stormy altar of Qazlal.
 11204 | D:9      | Reached ***** piety under Sif Muna
 11206 | D:9      | Identified Sif Muna's Collected Works on Spatial
                  | Confrontation (Sif Muna gifted it to you on level 9 of the
                  | Dungeon)
 11206 | D:9      | Received a gift from Sif Muna
 11284 | D:9      | Noticed a two-headed ogre
 11287 | D:9      | Killed a two-headed ogre
 11287 | D:9      | Reached skill level 13 in Spellcasting
 11291 | D:9      | Noticed a two-headed ogre
 11531 | D:9      | Noticed Erolcha
 11534 | D:9      | Killed Erolcha
 11550 | D:9      | Killed a two-headed ogre
 12043 | D:9      | Noticed Grum
 12053 | D:9      | Killed Grum
 12563 | D:10     | Entered Level 10 of the Dungeon
 12651 | D:10     | Found a staircase to the Orcish Mines.
 12655 | D:10     | Reached skill level 14 in Spellcasting
 13024 | D:10     | Found a staircase to the Lair.
 13045 | D:10     | Found a shimmering altar of Xom.
 13688 | D:11     | Reached XP level 12. HP: 61/69 MP: 13/32
 13693 | D:11     | Found a transporter.
 13767 | D:11     | Found a transporter.
 13879 | D:11     | Found a gate leading to a gauntlet.
 13922 | Gauntlet | Entered a Gauntlet
 13922 | Gauntlet | Found a transporter.
 13922 | Gauntlet | Found a runed translucent door.
 13923 | Gauntlet | Found a runed translucent door.
 13925 | Gauntlet | Found a transporter.
 13929 | Gauntlet | Found a transporter.
 13935 | Gauntlet | Found a runed translucent gate.
 13937 | Gauntlet | Found a transporter.
 13938 | Gauntlet | Found a runed translucent gate.
 13939 | Gauntlet | Found a runed translucent gate.
 13941 | Gauntlet | Found a transporter.
 13949 | Gauntlet | Found a transporter.
 13953 | Gauntlet | Found a transporter.
 13964 | Gauntlet | Found a transporter.
 13965 | Gauntlet | Found a transporter.
 13973 | Gauntlet | Found a transporter.
 13994 | Gauntlet | Found a transporter.
 13997 | Gauntlet | Noticed a dire elephant
 14006 | Gauntlet | Found a transporter.
 14018 | Gauntlet | Found a transporter.
 14030 | Gauntlet | Found a transporter.
 14359 | Gauntlet | Slain by a dire elephant

Illustrated notes

Levels and vault maps discovered:
D:1:      matt_arrival_grand_opening, layout_basic, minmay_misc_feat_cross,
          skrybe_limestone_x, minmay_tromino_v2
D:2:      layout_loops_ring
D:3:      layout_loops_ring, tso_oasis_becter
D:4:      layout_rooms, first_ration
D:5:      layout_basic, minmay_temple_entry_offerings, nemelex_dance_club_becter
D:6:      layout_gridville
D:7:      layout_loops_ring, uniq_maggie
D:8:      due_megacathedral, layout_cave_pods, hangedman_ranch
          [blue_anna_fruit_fields], grunt_qazlal_clouds, uniq_erica, uniq_pikel,
          uniq_psyche
D:9:      layout_irregular_city, bh_walls_and_bars, uniq_erolcha, uniq_grum
D:10:     layout_roguey, dpeg_oklobed_lair, minmay_orc_entry_guard_dogs,
          xom_teletrap_fun
D:11:     layout_roguey, gammafunk_ghost_stat_death, gauntlet_entry_generic
Temple:   regret_index_temple_sigil_plot
Gauntlet: gammafunk_gauntlet_77_escape_option
          [minmay_gauntlet_arena_77_shame_cube,
          minmay_gauntlet_arena_77_run_for_it,
          minmay_gauntlet_arena_77_radiant_squares,
          minmay_gauntlet_arena_77_box, minmay_gauntlet_arena_77_two_lines,
          gauntlet_exit_spiral]

Skill      XL: |  1  2  3  4  5  6  7  8  9 10 11 12 |
---------------+-------------------------------------+-----
Dodging        | 3 |  3.0
Stealth        | 3 |  3.0
Earth Magic    | 4 5 6 7 8 9 10 12 | 12.3
Spellcasting   | 4 5 6 7 8 9 11 12 14 | 14.8
Invocations    | 2 3 5 6 8 |  8.7
Conjurations   | 1 2 3 4 |  4.5
Fighting       | 1 2 4 5 6 |  6.2
Charms         | 2 |  2.0
Air Magic      | 2 |  2.0
Transmutations | 2 |  2.0

Action                   |  1- 3 |  4- 6 |  7- 9 | 10-12 || total
-------------------------+-------+-------+-------+-------++-------
Melee: Dagger            |   109 |    13 |     3 |       ||   125
       Unarmed           |     1 |       |       |       ||     1
 Cast: Sandblast         |    37 |    52 |    56 |    99 ||   244
       Stone Arrow       |       |    18 |    52 |   106 ||   176
       Lee's Rapid Decon |       |       |    21 |    84 ||   105
       Swiftness         |       |       |     2 |     4 ||     6
       Petrify           |       |       |       |     5 ||     5
  Use: Scroll            |       |       |     5 |     3 ||     8
 Stab: Sleeping          |     4 |     3 |       |       ||     7
  Eat: Chunk             |     5 |     8 |    12 |    21 ||    46
       Ration            |       |       |     1 |       ||     1
Armor: Robe              |    34 |     2 |     1 |    19 ||    56
       Steam dragon scal |       |       |     7 |     1 ||     8
Dodge: Dodged            |    87 |    16 |    16 |    59 ||   178
